 Dungeon Sprint DCSS version 0.16.1-28-gcc2312f (webtiles) character file.

3213 Kidiri the Eclecticist (level 9, -4/45 HPs)
             Began as a Deep Elf Summoner on May 29, 2015.
             Was the Champion of Sif Muna.
             Slain by a trapdoor spider (11 damage)
             ... in the Dungeon (Sprint I: "Red Sonja").
             The game lasted 00:21:14 (2030 turns).

Kidiri the Eclecticist (Deep Elf Summoner)          Turns: 2030, Time: 00:21:14

Health: -4/45      AC:  3    Str:  3    XL:     9   Next: 65%
Magic:  30/34      EV: 13    Int: 22    God:    Sif Muna [******]
Gold:   431        SH:  0    Dex: 15    Spells: 11 memorised, 5 levels left

rFire  . . .     SeeInvis .     (no weapon)
rCold  + . .     Clarity  .     a - +0 robe
rNeg   . . .     SustAb   .     (no shield)
rPois  .         Gourm    .     (no helmet)
rElec  .         Spirit   .     q - +0 cloak "Quew" {rC+ MR+}
rCorr  .         Warding  .     (no gloves)
rMut   .         NoTele   +     (no boots)
MR     +....                    (no amulet)
Stlth  ++........               (no ring)
                                (no ring)

@: very slightly contaminated, somewhat resistant to hostile enchantments,
unstealthy
A: breathe flames 1, dopey 1, weak 1, no device heal 1
a: Channel Energy, Forget Spell, Renounce Religion, Breathe Fire


You were in the Dungeon.
You worshipped Sif Muna.
Sif Muna was exalted by your worship.
You were not hungry.

You visited 1 branch You collected 734 gold pieces.
You spent 303 gold pieces at shops.

Inventory:

Hand weapons
 n - a +0 dagger of distortion
Armour
 a - a +0 robe (worn)
 q - the +0 cloak "Quew" (worn) {rC+ MR+}
   (You bought it in a shop in the Dungeon)

   It protects you from cold.
   It affects your resistance to hostile enchantments.
Magical devices
 j - a wand of slowing (13)
 l - a wand of frost (28)
Scrolls
 k - a scroll of remove curse {unknown}
 p - a scroll of identify
Potions
 e - a potion of heal wounds
 f - a potion of haste
 g - 2 potions of magic
 h - a potion of berserk rage
 m - a potion of might {unknown}
Books
 b - a book of Callings

   Spells                             Type                      Level
   a - Summon Small Mammal            Summoning                    1
   b - Call Imp                       Summoning                    2
   c - Call Canine Familiar           Summoning                    3
   d - Summon Guardian Golem          Hexes/Summoning              4
   e - Summon Lightning Spire         Summoning/Air                4
   f - Summon Ice Beast               Ice/Summoning                4
 c - Sif Muna's Volume of the Escort
   (Sif Muna gifted it to you in the Dungeon)

   Spells                             Type                      Level
   a - Summon Butterflies             Summoning                    1
   b - Spellforged Servitor           Conjuration/Summoning        7
   c - Summon Horrible Things         Summoning                    8
 o - Sif Muna's Disquisition on Shifting Calling
   (Sif Muna gifted it to you in the Dungeon)

   Spells                             Type                      Level
   a - Abjuration                     Summoning                    3
   b - Call Canine Familiar           Summoning                    3
   c - Ice Form                       Ice/Transmutation            4
   d - Alistair's Intoxication        Transmutation/Poison         4
   e - Shadow Creatures               Summoning                    5
 s - Sif Muna's Tome of Hexes
   (Sif Muna gifted it to you in the Dungeon)

   Spells                             Type                      Level
   a - Corona                         Hexes                        1
   b - Tukima's Dance                 Hexes                        3
   c - Discord                        Hexes                        8
Comestibles
 r - 3 fruits


   Skills:
 - Level 2.4 Dodging
 - Level 2.4 Stealth
 + Level 16.2 Spellcasting
 * Level 7.5 Hexes
 + Level 14.3 Summonings
 * Level 6.3 Transmutations
 * Level 6.2 Ice Magic
 * Level 5.6 Air Magic
 * Level 6.2 Poison Magic


You had 5 spell levels left.
You knew the following spells:

 Your Spells              Type           Power        Failure   Level  Hunger
a - Summon Small Mammal   Summ           ####         0%          1    None
b - Call Imp              Summ           ######..     0%          2    None
c - Call Canine Familiar  Summ           ######..     1%          3    None
d - Summon Guardian Gole  Hex/Summ       ######..     1%          4    None
e - Summon Ice Beast      Ice/Summ       ######..     1%          4    None
f - Summon Lightning Spi  Summ/Air       ######..     1%          4    None
g - Abjuration            Summ           ######....   1%          3    None
h - Shadow Creatures      Summ           N/A          1%          5    ##.....
i - Alistair's Intoxicat  Trmt/Pois      #####...     2%          4    None
j - Ice Form              Ice/Trmt       #####...     2%          4    None
k - Summon Butterflies    Summ           ######..     0%          1    None


Dungeon Overview and Level Annotations

Branches:
Dungeon (1/1)

Altars:
Elyvilon
Gozag
Kikubaaqudgha
Makhleb
Nemelex Xobeh
Okawaru
Qazlal
Ru
Sif Muna
Trog
Vehumet
Xom
Yredelemnul
Zin
The Shining One

Shops:
D }*([[*


Innate Abilities, Weirdness & Mutations

You can breathe flames.
You are dopey. (Int -2)
You are weak. (Str -2)
Potions and wands are less effective at restoring your health.


Message History

Aim: a trapdoor spider (clinging) Attack!
The trapdoor spider bites your ice beast!
Your ice beast dies!
Read which item? (? for menu, Esc to quit)
Blink to where?
Press: ? - help, Dir - move target cursor, p - trapdoor spider You are very lightly contaminated with residual magic.
As you read the scroll of blinking, it crumbles to dust.
The trapdoor spider bites you but does no damage.
Your lightning spire shoots out a bolt of lightning at the trapdoor spider!
The bolt of electricity hits the trapdoor spider.
The bolt of electricity misses the trapdoor spider.
The bolt of electricity hits your lightning spire.
Your lightning spire completely resists.
The bolt of electricity hits your lightning spire.
Your lightning spire resists.
Your lightning spire disappears in a puff of smoke!
The trapdoor spider bites you!
You die...

#####'# ####
#...#.####§§####
#..##.#≈§§§§#..#
##'#..'§≈≈..+..#
.'..._#≈≈§..#§.#
##_(#'##(#####'###
###'#.#(§)§# #.'§#
###)####(### ###s#
.'...'..(..+ #@#
##...####### #§#
###.## #§# # #+#
+§# # #§# # #§# #
+§# # #


You could see a trapdoor spider.

Vanquished Creatures
  A giant eyeball (D)
1 creature vanquished.

Vanquished Creatures (collateral kills)
  2 centaur warriors (D)
  A deep troll (D)
  An oklob plant (D)
  8 shining eyes (D)
  Sonja (D)
  2 trapdoor spiders (D)
  A yak (D)
  An ogre (D)
  A wasp (D)
  Sigmund (D)
  A jelly (D)
  Ijyb (D)
  3 giant eyeballs (D)
  A goblin (D)
25 creatures vanquished.

Vanquished Creatures (others)
  A gargoyle (D)
  A guardian golem (D)
  7 ice beasts (D)
  3 lightning spires (D)
  2 crimson imps (D)
  An iron imp (D)
  A white imp (D)
  A quokka (D)
  A bat (D)
18 creatures vanquished.

Grand Total: 44 creatures vanquished

Notes
Turn   | Place    | Note
--------------------------------------------------------------
     0 | D        | Kidiri, the Deep Elf Summoner, began the quest for the Orb.
     0 | D        | Reached XP level 1. HP: 10/10 MP: 5/5
    21 | D        | Noticed Ijyb
    45 | D        | Killed Ijyb
    45 | D        | Reached skill level 5 in Summonings
    45 | D        | Reached XP level 2. HP: 10/15 MP: 0/10
    49 | D        | Learned a level 2 spell: Call Imp
   148 | D        | Noticed an ogre
   168 | D        | Killed an ogre
   168 | D        | Reached skill level 7 in Spellcasting
   168 | D        | Reached XP level 3. HP: 19/19 MP: 1/17
   173 | D        | Learned a level 3 spell: Call Canine Familiar
   295 | D        | Noticed Sigmund
   303 | D        | Killed Sigmund
   303 | D        | Reached skill level 8 in Spellcasting
   303 | D        | Reached XP level 4. HP: 24/24 MP: 10/21
   309 | D        | Learned a level 4 spell: Summon Guardian Golem
   314 | D        | Learned a level 4 spell: Summon Ice Beast
   319 | D        | Learned a level 4 spell: Summon Lightning Spire
   682 | D        | Found a deep blue altar of Sif Muna.
   683 | D        | Noticed a jelly
   684 | D        | Found a radiant altar of Vehumet.
   688 | D        | Killed a jelly
   688 | D        | Reached skill level 9 in Spellcasting
   693 | D        | Became a worshipper of Sif Muna the Loreminder
   759 | D        | Found Vibuof's Antique Armour Emporium.
   759 | D        | Found a white marble altar of Elyvilon.
   759 | D        | Found a burning altar of Makhleb.
   759 | D        | Found a sacrificial altar of Ru.
   759 | D        | Found a glowing golden altar of the Shining One.
   759 | D        | Found an opulent altar of Gozag.
   759 | D        | Found a glowing silver altar of Zin.
   759 | D        | Noticed a yak
   760 | D        | Found a stormy altar of Qazlal.
   760 | D        | Found a basalt altar of Yredelemnul.
   760 | D        | Found a shimmering altar of Xom.
   763 | D        | Killed a yak
   763 | D        | Acquired Sif Muna's first power
   763 | D        | Reached skill level 10 in Spellcasting
   763 | D        | Reached XP level 5. HP: 9/28 MP: 10/25
   849 | D        | Killed a gargoyle
   973 | D        | Found a sparkling altar of Nemelex Xobeh.
   973 | D        | Found an ancient bone altar of Kikubaaqudgha.
   974 | D        | Found an iron altar of Okawaru.
   975 | D        | Found a bloodstained altar of Trog.
   996 | D        | Noticed Sonja
  1004 | D        | Killed Sonja
  1004 | D        | Acquired Sif Muna's second power
  1004 | D        | Reached skill level 11 in Spellcasting
  1004 | D        | Reached skill level 10 in Summonings
  1004 | D        | Reached XP level 6. HP: 32/32 MP: 4/27
  1124 | D        | Found Naiteah's Gadget Boutique.
  1139 | D        | Noticed a shining eye
  1139 | D        | Noticed a shining eye
  1140 | D        | Noticed a shining eye
  1140 | D        | Noticed a shining eye
  1140 | D        | Noticed a shining eye
  1140 | D        | Noticed a shining eye
  1141 | D        | Gained mutation: You are weak. (Str -2) [a shining eye]
  1141 | D        | Gained mutation: You can breathe flames. [a shining eye]
  1147 | D        | Killed a shining eye
  1147 | D        | Acquired Sif Muna's third power
  1147 | D        | Reached skill level 13 in Spellcasting
  1160 | D        | Killed a shining eye
  1160 | D        | Reached skill level 14 in Spellcasting
  1160 | D        | Reached XP level 7. HP: 36/36 MP: 11/31
  1165 | D        | Killed a shining eye
  1165 | D        | Reached skill level 15 in Spellcasting
  1172 | D        | Killed a shining eye
  1172 | D        | Received a gift from Sif Muna
  1172 | D        | Reached XP level 8. HP: 41/41 MP: 14/32
  1173 | D        | Identified Sif Muna's Disquisition on Shifting Calling (Sif Muna gifted it to you in the Dungeon)
  1178 | D        | Learned a level 3 spell: Abjuration
  1184 | D        | Learned a level 5 spell: Shadow Creatures
  1189 | D        | Learned a level 4 spell: Alistair's Intoxication
  1194 | D        | Learned a level 4 spell: Ice Form
  1215 | D        | Paralysed by a giant eyeball for 3 turns
  1231 | D        | Killed a shining eye
  1231 | D        | Reached skill level 1 in Ice Magic
  1231 | D        | Reached skill level 1 in Air Magic
  1231 | D        | Reached skill level 1 in Poison Magic
  1248 | D        | Killed a shining eye
  1248 | D        | Paralysed by a giant eyeball for 2 turns
  1259 | D        | Paralysed by a giant eyeball for 3 turns
  1279 | D        | Paralysed by a giant eyeball for 2 turns
  1372 | D        | Noticed a shining eye
  1372 | D        | Noticed a shining eye
  1374 | D        | Gained mutation: Potions and wands are less effective at restoring your health. [a shining eye]
  1382 | D        | Gained mutation: You are dopey. (Int -2) [a shining eye]
  1382 | D        | Killed a shining eye
  1382 | D        | Received a gift from Sif Muna
  1384 | D        | Killed a shining eye
  1387 | D        | Identified Sif Muna's Volume of the Escort (Sif Muna gifted it to you in the Dungeon)
  1390 | D        | Learned a level 1 spell: Summon Butterflies
  1541 | D        | Found Weigan's Antique Armour Shop.
  1541 | D        | Found Qireop's Assorted Antiques.
  1541 | D        | Found Lashylog's General Store.
  1541 | D        | Found Maraj's Weapon Emporium.
  1549 | D        | Bought a scroll of identify for 28 gold pieces
  1549 | D        | Bought a scroll of identify for 28 gold pieces
  1558 | D        | Bought a bloodstained cloak for 247 gold pieces
  1558 | D        | Identified the +0 cloak "Quew" {rC+ MR+} (You bought it in a shop in the Dungeon)
  1593 | D        | Noticed a deep troll
  1623 | D        | Killed a deep troll
  1623 | D        | Reached skill level 5 in Hexes
  1623 | D        | Reached XP level 9. HP: 45/45 MP: 5/34
  1759 | D        | Noticed a centaur warrior
  1773 | D        | Killed a centaur warrior
  1773 | D        | Received a gift from Sif Muna
  1773 | D        | Reached skill level 16 in Spellcasting
  1773 | D        | Reached skill level 5 in Transmutations
  1773 | D        | Reached skill level 5 in Ice Magic
  1773 | D        | Reached skill level 5 in Poison Magic
  1774 | D        | Identified Sif Muna's Tome of Hexes (Sif Muna gifted it to you in the Dungeon)
  1775 | D        | Noticed a wasp
  1781 | D        | Killed a wasp
  1785 | D        | Noticed a centaur warrior
  1796 | D        | Killed a centaur warrior
  1796 | D        | Reached skill level 5 in Air Magic
  1924 | D        | Noticed an oklob plant
  1926 | D        | Killed an oklob plant
  1982 | D        | Noticed a trapdoor spider
  1984 | D        | Killed a trapdoor spider
  2003 | D        | Noticed a trapdoor spider
  2010 | D        | Killed a trapdoor spider
  2019 | D        | Noticed a trapdoor spider
  2030 | D        | Slain by a trapdoor spider

Action                   |  1- 3 |  4- 6 |  7- 9 || total
-------------------------+-------+-------+-------++-------
Melee: Unarmed           |     1 |       |     2 ||     3
 Cast: Summon Small Mamm |     9 |       |     3 ||    12
       Call Imp          |     8 |       |     2 ||    10
       Call Canine Famil |     1 |       |       ||     1
       Summon Lightning  |       |     5 |    10 ||    15
       Summon Ice Beast  |       |     8 |    18 ||    26
       Summon Guardian G |       |     2 |     2 ||     4
       Shadow Creatures  |       |       |     1 ||     1
 Abil: Breathe Fire      |       |       |     1 ||     1
  Use: Scroll            |       |       |     2 ||     2
       Potion            |       |       |     1 ||     1
  Eat: Bread ration      |       |       |     1 ||     1
